NYP
AUBURN DOUBLEDAYS @ EUGENE EMERALDS
07/04/2044
 
TOP OF THE 1ST
Auburn Doubledays batting - Pitching for Eugene Emeralds : RHP Mark Duffy
Pitching: RHP Mark Duffy
Batting: LHB Mike Condon 0-0: Ground out U3 (Groundball, 13, EV 85.6 MPH)
Batting: LHB Elias Posada 0-0: Called Strike
0-1: Ground out U3 (Groundball, 3, EV 92.5 MPH)
Batting: LHB John Luke 0-0: Called Strike
0-1: Ball
1-1: Foul Ball, location: 2F
1-2: Ball
2-2: Foul Ball, location: 2F
2-2: SINGLE (Line Drive, 78S, EV 100.6 MPH)
Batting: RHB Ryan Hiemer 0-0: Foul Ball, location: 2F
0-1: Ground out U3 (Groundball, 23, EV 90.6 MPH)
Top of the 1st over - 0 runs, 1 hit, 0 errors, 1 left on base; Auburn 0 - Eugene 0
BOTTOM OF THE 1ST
Eugene Emeralds batting - Pitching for Auburn Doubledays : LHP Jason Wasson
Pitching: LHP Jason Wasson
Batting: RHB Garrett Granata 0-0: Ball
1-0: Ground out 6-3 (Groundball, 56, EV 85.6 MPH)
Batting: RHB Chris Slama 0-0: Foul Ball, location: 2F
0-1: Ball
1-1: Foul Ball, location: 2F
1-2: Ground out 4-3 (Groundball, 4, EV 83.8 MPH)
Batting: RHB Jonathan Sotelo 0-0: Ball
1-0: Foul Ball, location: 2F
1-1: Ball
2-1: Ground out 6-3 (Groundball, 6, EV 108.1 MPH)
Bottom of the 1st over - 0 runs, 0 hits, 0 errors, 0 left on base; Auburn 0 - Eugene 0
TOP OF THE 2ND
Auburn Doubledays batting - Pitching for Eugene Emeralds : RHP Mark Duffy
Batting: LHB Yoshiya Kurokawa 0-0: Ball
1-0: Ball
2-0: Called Strike
2-1: Ground out U3 (Groundball, 3, EV 88.1 MPH)
Batting: RHB Bryan Ernst 0-0: Called Strike
0-1: Swinging Strike
0-2: Ball
1-2: Ball
2-2: Foul Ball, location: 2F
2-2: Foul Ball, location: 2F
2-2: Foul Ball, location: 2F
2-2: Ball
3-2: SINGLE (Flyball, 3D, EV 95.6 MPH)
Batting: RHB Isaiah Seme 0-0: Called Strike
0-1: Foul Ball, location: 2F
0-2: Foul Ball, location: 2F
0-2: Ball
1-2: Ball
2-2: Foul Ball, location: 2F
2-2: Ball
3-2: Foul Ball, location: 2F
3-2: Foul Ball, location: 2F
3-2: Strikes out looking
Batting: RHB Jon Hill 0-0: Called Strike
0-1: Ball
1-1: Called Strike
1-2: Strikes out swinging
Top of the 2nd over - 0 runs, 1 hit, 0 errors, 1 left on base; Auburn 0 - Eugene 0
BOTTOM OF THE 2ND
Eugene Emeralds batting - Pitching for Auburn Doubledays : LHP Jason Wasson
Batting: LHB Kwang-chih Men 0-0: Ball
1-0: Called Strike
1-1: Ball
2-1: Foul Ball, location: 2F
2-2: Ball
3-2: Strikes out swinging
Batting: RHB Dylan Burke 0-0: Ball
1-0: Called Strike
1-1: Foul Ball, location: 2F
1-2: Ball
2-2: Strikes out swinging
Batting: LHB Mark Huey 0-0: Ground out 6-3 (Groundball, 6, EV 89.4 MPH)
Bottom of the 2nd over - 0 runs, 0 hits, 0 errors, 0 left on base; Auburn 0 - Eugene 0
TOP OF THE 3RD
Auburn Doubledays batting - Pitching for Eugene Emeralds : RHP Mark Duffy
Batting: RHB David Rojas 0-0: Reached on error, E5 (Groundball, 56, EV 79.4 MPH)
Batting: LHB Mike Condon 0-0: Foul Ball, location: 2F
0-1: Hit by Pitch
David Rojas to second
Batting: LHB Elias Posada 0-0: Ball
1-0: Fly out, F6 (Flyball, 4MD, EV 86.3 MPH)
Batting: LHB John Luke 0-0: Called Strike
0-1: SINGLE (Groundball, 5S, EV 69.4 MPH) (infield hit)
David Rojas to third
Mike Condon to second
Batting: RHB Ryan Hiemer 0-0: Ball
1-0: Ball
2-0: Called Strike
2-1: Called Strike
2-2: Ball
3-2: SINGLE (Flyball, 78S, EV 91.9 MPH)
David Rojas scores
Mike Condon to third
John Luke to second
Runner from 3rd tries for Home, SAFE, throw by LF to home
Batting: LHB Yoshiya Kurokawa 0-0: Swinging Strike
0-1: Ball
1-1: Swinging Strike
1-2: Strikes out swinging
Batting: RHB Bryan Ernst 0-0: Ground out 5-3 (Groundball, 56S, EV 72.5 MPH)
Top of the 3rd over - 2 runs, 2 hits, 1 error, 2 left on base; Auburn 2 - Eugene 0
BOTTOM OF THE 3RD
Eugene Emeralds batting - Pitching for Auburn Doubledays : LHP Jason Wasson
Batting: RHB Frank McArdle 0-0: Called Strike
0-1: SINGLE (Line Drive, 8RS, EV 112.5 MPH)
Batting: RHB David Barnard 0-0: Fly out, F8 (Flyball, 89D, EV 86.3 MPH)
Batting: RHB Brian Gargis 0-0: Ball
Wild Pitch!
Frank McArdle to second
1-0: Swinging Strike
1-1: Ball
2-1: Swinging Strike
2-2: Strikes out swinging
Batting: RHB Garrett Granata 0-0: Called Strike
0-1: Foul Ball, location: 2F
0-2: Strikes out swinging
Bottom of the 3rd over - 0 runs, 1 hit, 0 errors, 1 left on base; Auburn 2 - Eugene 0
TOP OF THE 4TH
Auburn Doubledays batting - Pitching for Eugene Emeralds : RHP Mark Duffy
Batting: RHB Isaiah Seme 0-0: Ground out 6-3 (Groundball, 6, EV 101.9 MPH)
Batting: RHB Jon Hill 0-0: Ball
1-0: Ground out 6-3 (Groundball, 4M, EV 81.9 MPH)
Batting: RHB David Rojas 0-0: Ball
1-0: Ball
2-0: Ball
3-0: Base on Balls
Batting: LHB Mike Condon 0-0: Called Strike
0-1: Called Strike
0-2: Strikes out swinging
Top of the 4th over - 0 runs, 0 hits, 0 errors, 1 left on base; Auburn 2 - Eugene 0
BOTTOM OF THE 4TH
Eugene Emeralds batting - Pitching for Auburn Doubledays : LHP Jason Wasson
Batting: RHB Chris Slama 0-0: Foul Ball, location: 2F
0-1: Swinging Strike
0-2: Strikes out looking
Batting: RHB Jonathan Sotelo 0-0: Ball
1-0: Foul Ball, location: 2F
1-1: Called Strike
1-2: SOLO HOME RUN (Flyball, 7D, EV 96.3 MPH), Distance : 367 ft
Batting: LHB Kwang-chih Men 0-0: Called Strike
0-1: Ball
1-1: DOUBLE (Line Drive, 7LS, EV 108.8 MPH)
Batting: RHB Dylan Burke 0-0: Ball
1-0: Ball
2-0: Called Strike
2-1: Ground out 6-3 (Groundball, 6M, EV 110.0 MPH)
Kwang-chih Men to third
Batting: LHB Mark Huey 0-0: Ball
1-0: Ball
2-0: Ball
3-0: Called Strike
3-1: Fly out, F9 (Flyball, 9S, EV 87.5 MPH)
Bottom of the 4th over - 1 run, 2 hits, 0 errors, 1 left on base; Auburn 2 - Eugene 1
TOP OF THE 5TH
Auburn Doubledays batting - Pitching for Eugene Emeralds : RHP Mark Duffy
Batting: LHB Elias Posada 0-0: Ball
1-0: Fly out, F4 (Popup, 34D, EV 71.9 MPH)
Batting: LHB John Luke 0-0: Called Strike
0-1: Foul Ball, location: 2F
0-2: Strikes out swinging
Batting: RHB Ryan Hiemer 0-0: Ball
1-0: Fly out, F9 (Flyball, 9LD, EV 106.9 MPH)
Top of the 5th over - 0 runs, 0 hits, 0 errors, 0 left on base; Auburn 2 - Eugene 1
BOTTOM OF THE 5TH
Eugene Emeralds batting - Pitching for Auburn Doubledays : LHP Jason Wasson
Batting: RHB Frank McArdle 0-0: Ground out 5-3 (Groundball, 56, EV 85.0 MPH)
Batting: RHB David Barnard 0-0: Ball
1-0: Ball
2-0: Ball
3-0: Base on Balls
Batting: RHB Brian Gargis 0-0: Called Strike
David Barnard steals 2nd base
0-1: Foul Ball, location: 2F
0-2: Ball
1-2: Ball
2-2: Foul Ball, location: 2F
2-2: Ball
3-2: DOUBLE (Groundball, 3L, EV 107.5 MPH)
David Barnard scores
Batting: RHB Garrett Granata 0-0: Ball
1-0: Ball
Brian Gargis steals 3rd base (no throw)
2-0: Ball
3-0: Base on Balls
Batting: RHB Chris Slama 0-0: Ball
1-0: Ball
2-0: Swinging Strike
2-1: Ball
3-1: Foul Ball, location: 2F
3-2: Foul Ball, location: 2F
3-2: Strikes out swinging
Garrett Granata steals 2nd base
Batter strikes out.
Batting: RHB Jonathan Sotelo 0-0: Swinging Strike
0-1: Foul Ball, location: 2F
0-2: Ball
1-2: Ball
2-2: Reached on error, E5 (Groundball, 56S, EV 87.5 MPH)
Brian Gargis scores
Garrett Granata to third
Batting: LHB Kwang-chih Men 0-0: Ball
Passed Ball!
Garrett Granata scores
Jonathan Sotelo to second
1-0: SINGLE (Groundball, 4MD, EV 105.6 MPH)
Jonathan Sotelo to third
Runner from 3rd tries for Home, SAFE, throw by CF to home
Kwang-chih Men to second
Batting: RHB Dylan Burke 0-0: Ball
Wild Pitch!
Kwang-chih Men to third
1-0: Ball
2-0: Foul Ball, location: 2F
2-1: Foul Ball, location: 2F
2-2: Ball
3-2: Foul Ball, location: 2F
3-2: Base on Balls
Batting: LHB Mark Huey 0-0: Ground out 5-3 (Groundball, 56S, EV 85.0 MPH)
Bottom of the 5th over - 4 runs, 2 hits, 1 error, 2 left on base; Auburn 2 - Eugene 5
TOP OF THE 6TH
Auburn Doubledays batting - Pitching for Eugene Emeralds : RHP Mark Duffy
Pitching: LHP Jesse Fields
Batting: LHB Yoshiya Kurokawa 0-0: Ball
1-0: Ball
2-0: Swinging Strike
2-1: Ball
3-1: Fly out, F7 (Flyball, 78M, EV 93.8 MPH)
Batting: RHB Bryan Ernst 0-0: Ball
1-0: Swinging Strike
1-1: Ground out 1-3 (Groundball, 13S, EV 66.9 MPH)
Batting: RHB Isaiah Seme 0-0: Called Strike
0-1: Foul Ball, location: 2F
0-2: Ball
1-2: Strikes out swinging
Top of the 6th over - 0 runs, 0 hits, 0 errors, 0 left on base; Auburn 2 - Eugene 5
BOTTOM OF THE 6TH
Eugene Emeralds batting - Pitching for Auburn Doubledays : LHP Jason Wasson
Batting: RHB Frank McArdle 0-0: Ball
1-0: Ball
2-0: Ball
3-0: Foul Ball, location: 2F
3-1: Base on Balls
Batting: RHB David Barnard 0-0: Ball
1-0: Ball
2-0: Ball
3-0: Called Strike
3-1: DOUBLE (Flyball, 8RD, EV 99.4 MPH)
Frank McArdle to third
Pitching: RHP Felipe Valencia
Batting: RHB Brian Gargis 0-0: Ball
1-0: Ball
2-0: Called Strike
2-1: Ball
3-1: Ground out 4-3 (Groundball, 4, EV 101.9 MPH)
Batting: RHB Garrett Granata 0-0: Ball
1-0: SINGLE (Groundball, 34D, EV 101.3 MPH)
Frank McArdle scores
David Barnard to third
Runner from 3rd tries for Home, SAFE, throw by RF to home
Batting: RHB Chris Slama 0-0: Called Strike
0-1: Foul Ball, location: 2F
0-2: Strikes out swinging
Batting: RHB Jonathan Sotelo 0-0: Called Strike
0-1: Ball
1-1: Ball
2-1: Ball
3-1: Fielders Choice at 2nd, 5-4 (Groundball, 5L, EV 84.4 MPH)
Bottom of the 6th over - 2 runs, 2 hits, 0 errors, 1 left on base; Auburn 2 - Eugene 7
TOP OF THE 7TH
Auburn Doubledays batting - Pitching for Eugene Emeralds : LHP Jesse Fields
Batting: RHB Jon Hill 0-0: Fly out, F8 (Flyball, 8RD, EV 104.4 MPH)
Batting: RHB David Rojas 0-0: Ball
1-0: Ball
2-0: Called Strike
2-1: Swinging Strike
2-2: Ball
3-2: Strikes out swinging
Batting: LHB Mike Condon 0-0: Swinging Strike
0-1: Ball
1-1: Foul Ball, location: 2F
1-2: Ball
2-2: Strikes out swinging
Top of the 7th over - 0 runs, 0 hits, 0 errors, 0 left on base; Auburn 2 - Eugene 7
BOTTOM OF THE 7TH
Eugene Emeralds batting - Pitching for Auburn Doubledays : RHP Felipe Valencia
Batting: LHB Kwang-chih Men 0-0: Ball
1-0: Ground out 6-3 (Groundball, 6, EV 97.5 MPH)
Batting: RHB Dylan Burke 0-0: Ball
1-0: Ball
2-0: SINGLE (Groundball, 6MS, EV 81.9 MPH) (infield hit)
Batting: LHB Mark Huey 0-0: Foul Ball, location: 2F
0-1: Swinging Strike
0-2: Ball
1-2: Strikes out swinging
Batting: RHB Frank McArdle 0-0: Ball
Wild Pitch!
Dylan Burke to second
1-0: Swinging Strike
1-1: Foul Ball, location: 2F
1-2: Strikes out swinging
Bottom of the 7th over - 0 runs, 1 hit, 0 errors, 1 left on base; Auburn 2 - Eugene 7
TOP OF THE 8TH
Auburn Doubledays batting - Pitching for Eugene Emeralds : LHP Jesse Fields
Batting: LHB Elias Posada 0-0: Ball
1-0: Called Strike
1-1: Called Strike
1-2: Ball
2-2: Strikes out looking
Batting: LHB John Luke 0-0: Called Strike
0-1: Ball
1-1: SINGLE (Groundball, 56D, EV 97.5 MPH)
Batting: RHB Ryan Hiemer 0-0: Ball
1-0: Ball
2-0: Ball
3-0: Base on Balls
John Luke to second
Pinch Hitting: RHB Slavik Nebrodov 0-0: Called Strike
0-1: Called Strike
0-2: Foul Ball, location: 2F
0-2: Ball
1-2: Hit by Pitch
John Luke to third
Ryan Hiemer to second
Pitching: LHP Oscar Stolarski
Batting: RHB Bryan Ernst 0-0: Foul Ball, location: 2F
0-1: Ball
1-1: Swinging Strike
1-2: Grounds into fielders choice 1-2 (Groundball, 15S, EV 73.1 MPH)
Ryan Hiemer to third
Slavik Nebrodov to second
Batting: RHB Isaiah Seme 0-0: Ball
1-0: Fly out, F4 (Popup, 4M, EV 62.5 MPH)
Top of the 8th over - 0 runs, 1 hit, 0 errors, 3 left on base; Auburn 2 - Eugene 7
BOTTOM OF THE 8TH
Eugene Emeralds batting - Pitching for Auburn Doubledays : RHP Felipe Valencia
Now at 1B: Slavik Nebrodov
Batting: RHB David Barnard 0-0: Fly out, F7 (Line Drive, 7, EV 86.9 MPH)
Batting: RHB Brian Gargis 0-0: Ball
1-0: Ball
2-0: Called Strike
2-1: Ball
3-1: Fly out, F8 (Flyball, 78M, EV 93.1 MPH)
Batting: RHB Garrett Granata 0-0: Called Strike
0-1: Hit by Pitch
Batting: RHB Chris Slama 0-0: Ball
Garrett Granata steals 2nd base (no throw)
1-0: Called Strike
1-1: Ball
2-1: Ball
3-1: SINGLE (Line Drive, 8RM, EV 86.3 MPH)
Garrett Granata to third
Runner from 3rd tries for Home, throw by CF and OUT! 8-2
Bottom of the 8th over - 0 runs, 1 hit, 0 errors, 1 left on base; Auburn 2 - Eugene 7
TOP OF THE 9TH
Auburn Doubledays batting - Pitching for Eugene Emeralds : LHP Oscar Stolarski
Batting: RHB Jon Hill 0-0: Ball
1-0: Fly out, F7 (Flyball, 7, EV 94.4 MPH)
Batting: RHB David Rojas 0-0: Ground out 5-3 (Groundball, 56S, EV 85.6 MPH)
Batting: LHB Mike Condon 0-0: Foul Ball, location: 2F
0-1: Ball
1-1: SINGLE (Groundball, 4M, EV 98.1 MPH)
Batting: LHB Elias Posada 0-0: Called Strike
0-1: Foul Ball, location: 2F
0-2: SINGLE (Groundball, 56D, EV 104.4 MPH)
Mike Condon to second
Batting: LHB John Luke 0-0: Called Strike
0-1: Ground out 4-3 (Groundball, 4D, EV 83.1 MPH)
Top of the 9th over - 0 runs, 2 hits, 0 errors, 2 left on base; Auburn 2 - Eugene 7
Thursday, March 31st , 2022 - OOTP Baseball 22.12 Build 89